 Dungeon Crawl Stone Soup version 0.15.2 (webtiles) character file.

71579 bullock the Conjurer (level 15, -2/107 HPs)
             Began as an Octopode Wizard on Nov 29, 2014.
             Was the Champion of Sif Muna.
             Succumbed to a manticore's barbed spikes
             ... on Level 12 of the Dungeon.
             The game lasted 03:04:26 (42669 turns).

bullock the Conjurer (Octopode Wizard)             Turns: 42669, Time: 03:04:26

HP  -2/107       AC  1     Str  7      XL: 15   Next: 37%
MP   1/42        EV 19     Int 25      God: Sif Muna [******]
Gold 1846        SH  0     Dex 14      Spells: 10 memorised,  1 level left

rFire  . . .     SeeInvis +     O - +9 mace of Quick Death {crush, rN+}
rCold  + + .     Clarity  .     (no shield)
rNeg   + + .     rCorr    .     (helmet restricted)
rPois  .         rRot     .     (no amulet)
rElec  .         Spirit   .     I - ring of protection from magic
SustAb .         Warding  .     h - ring of flight
rMut   .         Stasis   .     o - ring of wizardry
Gourm  .                        A - ring of protection from cold
MR     ++...                    E - ring of see invisible
                                Y - ring of protection from cold
                                X - ring of magical power
                                N - ring "Theax" {rN+ Dex+2}

@: manticore barbs, very slightly contaminated, repel missiles, very resistant
to hostile enchantments, very stealthy
A: almost no armour, amphibious, 8 rings, constrict 8, camouflage 1, gelatinous
body 1
a: Channel Energy, Forget Spell, Renounce Religion, Evoke Flight


You were on level 12 of the Dungeon.
You worshipped Sif Muna.
Sif Muna was exalted by your worship.
You were very hungry.

You visited 3 branches of the dungeon, and saw 21 of its levels.
You also visited: Labyrinth, Ossuary and Ice Cave.

You collected 1934 gold pieces.

Inventory:

Hand weapons
 O - the +9 mace of Quick Death (weapon) {crush, rN+}
   (You found it on level 6 of the Dungeon)

   It inflicts extra damage upon your enemies.
   It protects you from negative energy.
Magical devices
 c - a wand of magic darts (0)
 j - a wand of lightning (0)
 l - a wand of disintegration (8)
 F - a wand of paralysis (6)
 T - a wand of invisibility (0)
Comestibles
 d - 2 bread rations
 n - 20 fruits
 r - a beef jerky
Scrolls
 b - 2 scrolls of magic mapping
 p - 15 scrolls of remove curse
 y - 7 scrolls of teleportation
 C - a scroll of silence {unknown}
 J - a scroll of blinking
 L - a scroll of summoning {unknown}
 U - 2 scrolls of vulnerability {unknown}
 W - a scroll of fear
Jewellery
 h - a ring of flight (right tentacle)
 o - a ring of wizardry (on tentacle)
 A - a ring of protection from cold (on tentacle)
 E - a ring of see invisible (on tentacle)
 I - a ring of protection from magic (left tentacle)
 N - the ring "Theax" (on tentacle) {rN+ Dex+2}
   (You took it off a minotaur in a labyrinth)

   [ring of positive energy]

   It affects your dexterity (+2).
   It protects you from negative energy.
 X - a ring of magical power (on tentacle)
 Y - a ring of protection from cold (on tentacle)
Potions
 a - a potion of cure mutation {unknown}
 e - a potion of flight {unknown}
 i - 7 potions of might {unknown}
 k - 2 potions of restore abilities {unknown}
 m - 3 potions of haste
 s - 4 potions of cancellation
 u - 3 potions of heal wounds
 x - 11 potions of curing
 z - a potion of magic
 D - 3 potions of invisibility
 H - 2 potions of resistance
 P - a potion of lignification {unknown}
 S - 4 potions of agility {unknown}
Books
 f - a book of Conjurations

   Spells                             Type                      Level
   *Magic Dart                        Conjuration                  1
   Searing Ray                        Conjuration                  2
   Dazzling Spray                     Conjuration/Hexes            3
   *Fulminant Prism                   Conjuration/Hexes            4
   *Iskenderun's Mystic Blast         Conjuration                  4
   *Iskenderun's Battlesphere         Conjuration/Charms           5
Miscellaneous
 G - a sack of spiders {used: 1}


   Skills:
 + Level 11.4 Fighting
 - Level 11.0 Dodging
 - Level 10.1 Stealth
 + Level 10.4 Spellcasting
 + Level 12.4 Conjurations
 * Level 1.2 Charms
   Level 5.0 Summonings
 - Level 4.0 Necromancy
 - Level 7.1 Translocations
 + Level 9.7 Invocations


You had one spell level left.
You knew the following spells:

 Your Spells              Type           Power        Failure   Level  Hunger
a - Magic Dart            Conj           ####         1%          1    None
c - Regeneration          Chrm/Necr      ####......   2%          3    None
d - Haste                 Chrm           ###.....     99%         6    #####..
e - Fulminant Prism       Conj/Hex       #####.....   1%          4    None
f - Conjure Flame         Conj/Fire      #####...     1%          3    None
q - Blink                 Tloc           N/A          1%          2    None
r - Mephitic Cloud        Conj/Pois/Air  ####....     1%          3    None
v - Repel Missiles        Chrm/Air       ###...       3%          2    None
w - Iskenderun's Battles  Conj/Chrm      #####...     4%          5    ###....
z - Iskenderun's Mystic   Conj           ######..     1%          4    None


Dungeon Overview and Level Annotations

Branches:
Dungeon (12/15)            Temple (1/1) D:6             Orc (0/4) D:11
   Lair (8/8) D:10          Swamp (0/5) Lair:4        Snake (0/5) Lair:4
  Slime (0/6) Lair:7

Altars:
Ashenzari
Cheibriados
Dithmenos
Elyvilon
Fedhas
Kikubaaqudgha
Makhleb
Nemelex Xobeh
Okawaru
Qazlal
Sif Muna
Trog
Vehumet
Xom
Yredelemnul
Zin
The Shining One

Shops:
D:4 }   D:5 =   D:7 (

Annotations:
D:8 Erolcha
Lair:1 exclusion: oklob plant


Innate Abilities, Weirdness & Mutations

You cannot wear most types of armour.
You are amphibious.
You can wear up to eight rings at the same time.
You can use your tentacles to constrict many enemies at once.
Your skin changes colour to match your surroundings (Stealth).
Your rubbery body absorbs attacks (AC +1).


Message History

Press: ? - help, Dir - move target cursor, p - red ugly thing
As you read the scroll of blinking, it crumbles to dust.
You are very lightly contaminated with residual magic.
Evoke which item? (* to show all) (? for menu, Esc to quit)
Zapping:
j - a wand of lightning {zapped: 3}
Press: ? - help, Shift-Dir - straight line, f - red ugly thing
Aim: a red ugly thing (almost dead)
You hear a mighty clap of thunder!
The bolt of lightning hits the red ugly thing.
The red ugly thing is almost dead.
Evoke which item? (* to show all) (? for menu, Esc to quit)
Zapping:
j - a wand of lightning {zapped: 4}
Press: ? - help, Shift-Dir - straight line, f/p - red ugly thing
Aim: a red ugly thing (almost dead)
You hear a mighty clap of thunder!
The bolt of lightning misses the red ugly thing.
Evoke which item? (* to show all) (? for menu, Esc to quit)
You reach into the bag... ...and things crawl out!
The barbed spikes dig painfully into your body as you move.
You die...

#.# . #.# .#
.#####<# .#
#$.....?)######.####
...............)..
....#####.......####
... #..........# .
#..us.s).#
#....@...#
######.#.# .# .# .#
.# .# .# .


You could see a red ugly thing and 2 friendly spiders.

Vanquished Creatures
  A frost giant (IceCv)
  A minotaur (Lab)
  The ghost of trelanon the Basher, a powerful VSGl of Makhleb (Lair:5)
  7 hydras
  9 death yaks
  Nergalle (Lair:1)
  A fire crab (Lair:8)
  An unseen horror (D:10)
  A hill giant (D:12)
  4 griffons
  A manticore (D:12)
  14 elephants
  Maurice (D:10)
  Joseph (D:11)
  A black mamba (Lair:5)
  A torpor snail (Lair:7)
  22 spiny frogs
  A feature mimic (D:9)
  An eye of devastation (Lair:7)
  An item mimic (IceCv)
  11 komodo dragons
  Grinder (D:5)
  5 fire drakes
  16 polar bears
  6 giant leeches (Lair:8)
  A merfolk (Lair:7)
  A two-headed ogre (D:9)
  A boulder beetle (Lair:7)
  16 blink frogs
  A spriggan (D:7)
  A deep elf mage (D:10)
  A human (D:6)
  3 basilisks
  2 redbacks (Lair:7)
  2 wyverns
  2 vampire mosquitoes (Lair:8)
  63 yaks
  15 hippogriffs
  2 nagas (Lair:4)
  6 swamp worms (Lair:4)
  Edmund (D:8)
  A hungry ghost (D:11)
  14 porcupines
  2 sky beasts
  17 water moccasins
  30 wolves
  9 orc warriors
  2 phantoms
  A boring beetle (Lair:8)
  3 ogres
  2 yellow wasps
  8 centaurs
  Sigmund (D:3)
  20 crocodiles
  Blork the orc (D:8)
  30 giant frogs
  An elf zombie (Ossuary)
  A fulminant prism (D:11)
  An eye of draining (Lair:7)
  8 wights
  A yak zombie (D:8)
  4 killer bees (D:9)
  A water moccasin skeleton (D:9)
  9 hounds
  9 electric eels
  4 crimson imps
  A quasit (D:8)
  3 centaur zombies (Ossuary)
  12 orc priests
  3 jellies
  A human skeleton (D:6)
  2 giant frog skeletons
  6 iguanas
  10 orc wizards
  18 sheep
  10 worker ants
  A killer bee zombie (D:6)
  2 ogre zombies (Ossuary)
  Ijyb (D:2)
  An ogre skeleton (D:4)
  A hound zombie (D:9)
  A hound skeleton (D:9)
  7 mummies (Ossuary)
  7 gnolls
  An inept feature mimic (D:8)
  An orc skeleton (D:8)
  36 adders
  2 giant mites
  41 green rats
  4 shadow imps
  12 white imps
  3 worms
  3 adder zombies (Ossuary)
  5 orc zombies
  4 giant geckos
  33 orcs
  A ball python (D:2)
  4 giant cockroaches
  17 hobgoblins
  10 jackals
  16 quokkas
  11 bats
  6 giant newts
  A giant spore (D:10)
  11 goblins
  A goblin skeleton (D:4)
  5 goblin zombies (Ossuary)
  A hobgoblin skeleton (D:5)
  3 hobgoblin zombies (Ossuary)
  A jackal skeleton (D:4)
  12 kobolds
  A kobold skeleton (D:6)
  3 kobold zombies
  4 quokka zombies (Ossuary)
  10 rats
  A rat skeleton (D:4)
  6 rat zombies (Ossuary)
  11 ballistomycetes
  5 fungi (Lair:1)
  9 plants (Lair:1)
790 creatures vanquished.

Vanquished Creatures (collateral kills)
  2 killer bees (D:9)
2 creatures vanquished.

Vanquished Creatures (others)
  A death yak (IceCv)
  A spiny frog (Lair:8)
  2 polar bears (IceCv)
  A yak (IceCv)
  5 wolves (IceCv)
  A big kobold (Lair:7)
  A jelly (D:12)
  17 fulminant prisms
  6 hounds (Lair:8)
  An adder (Lair:7)
  A giant mite (D:6)
  An orc (D:10)
  A jackal (D:6)
  2 giant spores
  A ballistomycete (D:11)
  33 fungi (Lair:8)
  57 plants (Lair:8)
132 creatures vanquished.

Grand Total: 924 creatures vanquished

Notes
Turn   | Place    | Note
--------------------------------------------------------------
     0 | D:1      | bullock, the Octopode Wizard, began the quest for the Orb.
     0 | D:1      | Reached XP level 1. HP: 11/11 MP: 4/4
   101 | D:1      | Reached XP level 2. HP: 7/17 MP: 0/6
   794 | D:1      | Learned a level 2 spell: Blink
   797 | D:1      | Learned a level 2 spell: Repel Missiles
  1251 | D:2      | Reached XP level 3. HP: 21/21 MP: 4/8
  1256 | D:2      | Learned a level 3 spell: Conjure Flame
  1847 | D:2      | Noticed Ijyb
  2035 | D:2      | Killed Ijyb
  2035 | D:2      | Reached XP level 4. HP: 27/27 MP: 2/10
  2640 | D:2      | Noticed an ogre
  2652 | D:2      | Killed an ogre
  2652 | D:2      | Reached skill level 4 in Spellcasting
  2652 | D:2      | Reached XP level 5. HP: 31/31 MP: 0/13
  3389 | D:3      | Reached XP level 6. HP: 32/36 MP: 8/15
  3440 | D:3      | Learned a level 3 spell: Mephitic Cloud
  3659 | D:3      | Noticed Sigmund
  3676 | D:3      | Killed Sigmund
  3676 | D:3      | Reached skill level 5 in Conjurations
  5066 | D:4      | Found Chanot's Gadget Shop.
  5237 | D:4      | Reached XP level 7. HP: 41/41 MP: 12/17
  6590 | D:5      | Entered Level 5 of the Dungeon
  6974 | D:5      | Found a shadowy altar of Dithmenos.
  7388 | D:5      | Found Niawnin's Jewellery Emporium.
  7556 | D:5      | Noticed Grinder
  7577 | D:5      | Paralysed by Grinder for 3 turns
  7589 | D:5      | Killed Grinder
  7589 | D:5      | Reached skill level 5 in Spellcasting
  7589 | D:5      | Reached skill level 6 in Conjurations
  7589 | D:5      | Reached skill level 5 in Translocations
  7589 | D:5      | Reached XP level 8. HP: 46/46 MP: 7/20
  8143 | D:6      | Noticed a human
  8173 | D:6      | Found a basalt altar of Yredelemnul.
  8327 | D:6      | Found a staircase to the Ecumenical Temple.
  8406 | Temple   | Entered the Ecumenical Temple
  8713 | Temple   | Became a worshipper of Sif Muna the Loreminder
  9316 | D:6      | Killed a human
  9518 | D:6      | Acquired Sif Muna's first power
  9651 | D:6      | Reached XP level 9. HP: 41/51 MP: 10/22
  9792 | D:6      | Got a twisted mace
  9802 | D:6      | Identified the +9 mace of Quick Death {crush, rN+} (You found it on level 6 of the Dungeon)
 10155 | D:7      | Found a sand-covered staircase.
 10161 | Ossuary  | Entered an ossuary
 10250 | Ossuary  | Reached skill level 1 in Invocations
 10407 | Ossuary  | Reached skill level 1 in Fighting
 10602 | Ossuary  | Reached skill level 7 in Conjurations
 11165 | D:7      | Found a deep blue altar of Sif Muna.
 12214 | D:7      | Found Asseep's Weapon Emporium.
 12672 | D:8      | Noticed Blork the orc
 12678 | D:8      | Killed Blork the orc
 12748 | D:8      | Noticed Erolcha
 12758 | D:8      | Found a stormy altar of Qazlal.
 12777 | D:8      | Found a snail-covered altar of Cheibriados.
 12779 | D:8      | Found a basalt altar of Yredelemnul.
 12781 | D:8      | Found an iron altar of Okawaru.
 12804 | D:8      | Noticed Edmund
 12821 | D:8      | Killed Edmund
 12993 | D:8      | Reached XP level 10. HP: 62/62 MP: 24/24
 13102 | D:8      | Reached skill level 5 in Invocations
 13104 | D:8      | Got a dazzling whip
 13107 | D:8      | Identified the +3 whip "Fryu" {slash, -Cast MR+ Int+3} (You found it on level 8 of the Dungeon)
 13209 | D:8      | Acquired Sif Muna's second power
 14497 | D:9      | Reached skill level 8 in Conjurations
 14986 | D:9      | Reached skill level 5 in Dodging
 14990 | D:9      | Reached skill level 5 in Stealth
 15465 | D:10     | Entered Level 10 of the Dungeon
 15517 | D:10     | Found a staircase to the Lair.
 15676 | D:10     | Reached XP level 11. HP: 54/70 MP: 26/26
 15706 | D:10     | Noticed Maurice
 15733 | D:10     | Killed Maurice
 16072 | D:10     | Found a shimmering altar of Xom.
 16554 | D:10     | Noticed an unseen horror
 16564 | D:10     | Reached skill level 5 in Fighting
 16958 | D:10     | Killed an unseen horror
 17237 | Lair:1   | Entered Level 1 of the Lair of Beasts
 17516 | Lair:1   | Found a frozen archway.
 17562 | IceCv    | Entered an ice cave
 17569 | IceCv    | Reached skill level 9 in Conjurations
 19096 | IceCv    | Reached XP level 12. HP: 57/80 MP: 26/29
 19327 | IceCv    | Noticed an ice statue
 19713 | IceCv    | Identified the Disquisition on Snow and Confrontation
 19714 | IceCv    | Noticed a frost giant
 19719 | IceCv    | Noticed a death yak
 19733 | IceCv    | Killed a death yak
 19779 | IceCv    | Killed a frost giant
 19779 | IceCv    | Acquired Sif Muna's third power
 19963 | IceCv    | Reached skill level 10 in Conjurations
 20529 | IceCv    | Killed a death yak
 21219 | Lair:1   | Noticed Nergalle
 21619 | Lair:2   | Found a labyrinth entrance.
 21630 | Lab      | Entered a labyrinth
 22113 | Lab      | Noticed a minotaur
 22124 | Lab      | Killed a minotaur
 22192 | Lab      | Got a shimmering ivory ring
 22200 | Lab      | Identified the ring "Theax" {rN+ Dex+2} (You took it off a minotaur in a labyrinth)
 22251 | Lair:2   | Learned a level 5 spell: Venom Bolt
 23339 | Lair:1   | Noticed a spectral orc warlord
 23674 | Lair:1   | Killed Nergalle
 24132 | Lair:1   | Found a blossoming altar of Fedhas.
 25316 | Lair:1   | Noticed a seven-headed hydra
 25457 | Lair:1   | Killed a seven-headed hydra
 25457 | Lair:1   | Reached XP level 13. HP: 83/89 MP: 22/31
 26381 | Lair:3   | Reached skill level 10 in Spellcasting
 26381 | Lair:3   | Reached skill level 11 in Conjurations
 27697 | Lair:4   | Found a staircase to the Snake Pit.
 29264 | Lair:5   | Reached skill level 10 in Fighting
 29264 | Lair:5   | Reached skill level 10 in Dodging
 29522 | Lair:5   | Noticed trelanon's ghost (powerful VSGl)
 29532 | Lair:5   | Killed trelanon's ghost
 30886 | Lair:4   | Found a staircase to the Swamp.
 32693 | Lair:7   | Found a staircase to the Slime Pits.
 32753 | Lair:7   | Reached XP level 14. HP: 101/101 MP: 4/32
 34071 | Lair:7   | Your ally Bufu died
 35531 | Lair:8   | Entered Level 8 of the Lair of Beasts
 35538 | Lair:7   | Learned a level 3 spell: Call Canine Familiar
 36181 | Lair:8   | Reached skill level 10 in Stealth
 38447 | Lair:8   | Reached skill level 12 in Conjurations
 39074 | Lair:8   | Received a gift from Sif Muna
 39074 | Lair:8   | Reached skill level 5 in Summonings
 39082 | Lair:8   | Learned a level 3 spell: Regeneration
 39149 | Lair:8   | Reached skill level 1 in Necromancy
 39623 | Lair:8   | Reached XP level 15. HP: 86/106 MP: 11/32
 41598 | Lair:2   | Learned a level 6 spell: Haste
 41604 | Lair:2   | Learned a level 5 spell: Iskenderun's Battlesphere
 41619 | Lair:2   | Learned a level 4 spell: Fulminant Prism
 41625 | Lair:2   | Learned a level 4 spell: Iskenderun's Mystic Blast
 41820 | D:11     | Noticed Joseph
 41829 | D:11     | Killed Joseph
 42130 | D:11     | Reached skill level 1 in Charms
 42265 | D:11     | Found a staircase to the Orcish Mines.
 42664 | D:12     | HP: 2/107 [red ugly thing (19)]
 42669 | D:12     | Succumbed to a manticore's barbed spikes

Action                   |  1- 3 |  4- 6 |  7- 9 | 10-12 | 13-15 || total
-------------------------+-------+-------+-------+-------+-------++-------
Melee: Dagger            |     3 |       |       |       |       ||     3
       Short sword       |     5 |    32 |    40 |       |       ||    77
       Mace              |       |       |    71 |   380 |   335 ||   786
 Cast: Magic Dart        |    59 |   153 |   369 |   470 |   107 ||  1158
       Repel Missiles    |     1 |       |       |     3 |     2 ||     6
       Conjure Flame     |     4 |     8 |    30 |    81 |    64 ||   187
       Blink             |     2 |     2 |    18 |    36 |    72 ||   130
       Mephitic Cloud    |       |     2 |    18 |    40 |    17 ||    77
       Venom Bolt        |       |       |       |    58 |   388 ||   446
       Call Canine Famil |       |       |       |       |    14 ||    14
       Regeneration      |       |       |       |       |     2 ||     2
       Fulminant Prism   |       |       |       |       |    18 ||    18
       Iskenderun's Myst |       |       |       |       |    15 ||    15
       Iskenderun's Batt |       |       |       |       |     1 ||     1
Invok: Channel Energy    |       |       |     4 |     3 |    20 ||    27
Evoke: Wand              |       |       |     8 |    38 |    20 ||    66
       Deck              |       |       |       |       |     5 ||     5
       Sack of spiders   |       |       |       |       |     2 ||     2
  Use: Scroll            |       |       |     1 |    19 |    11 ||    31
       Potion            |       |       |       |     3 |     1 ||     4
 Stab: Sleeping          |     1 |       |     5 |     3 |     4 ||    13
       Confused          |       |     2 |     2 |     5 |     3 ||    12
       Invisible         |       |       |       |       |     3 ||     3
       Distracted        |       |       |       |       |     1 ||     1
  Eat: Chunk             |     1 |    11 |    14 |    23 |    63 ||   112
       Beef jerky        |     1 |       |     1 |     1 |     3 ||     6
       Meat ration       |       |       |     1 |     1 |       ||     2
       Royal jelly       |       |       |     1 |     1 |       ||     2
       Bread ration      |       |       |     1 |     3 |     7 ||    11
       Pizza             |       |       |       |     1 |     1 ||     2
       Fruit             |       |       |       |       |     1 ||     1
